AoeStats
← Times-Witness

Arabia

509333501Analyzed
4v4 RM · 5d ago on Sep 26, 2026· 75m 29s· 8 players
Game mode
Random Map
Map size
Large (8 player)
Population
200
Speed
Normal
Resources
Standard
Victory
Conquest
Starting age
Dark Age
Ending age
Imperial Age
RankedLock teamsTeams togetherTeam positionsShared explorationLock speedFull tech treeHidden civsTurbo modeCheats
Victory
Defeat
🇵🇱 Teutons · Poland
877
+14
🇧🇷 Romans · Brazil
846
+15
🇫🇷 Khmer · France
843
+15
🇨🇿 Goths · Czechia
778
+19
🇵🇰 Inca · Pakistan
875
-18
🇮🇳 Huns · India
853
-17
🇦🇷 Shu · Argentina
808
-15
🇰🇷 Maya · South Korea
767
-14
Times-Witness
8:56 Loom
12:25 Feudal Age
17:48 Castle Age
16:12 Double-Bit Axe
17:17 Horse Collar
20:38 Husbandry
25:26 Fletching
25:49 Forging
30:32 Fletching
31:22 Bow Saw
34:59 Wheelbarrow
34:36 Scale Barding Armor
34:39 Town Watch
34:49 Gold Mining
35:12 Bloodlines
37:28 Hand Cart
37:37 Chain Barding Armor
43:23 Imperial Age
41:14 Heated Shot
41:31 Herbal Medicine
41:09 Light Cavalry
41:42 Stone Mining
42:32 Gold Shaft Mining
41:59 Heavy Plow
42:06 Town Patrol
45:19 Chemistry
44:53 Crop Rotation
44:48 Ballistics
45:20 Iron Casting
44:41 Bodkin Arrow
44:42 Heated Shot
45:31 Conscription
46:44 Pikeman
49:12 Elite Ballista Elephant
50:41 Halberdier
51:16 Capped Ram
51:19 Heavy Scorpion
51:27 Heavy Scorpion
53:51 Siege Ram
54:52 Double Crossbow
57:17 Tusk Swords
59:04 Masonry
59:00 Bracer
60:00 Blast Furnace
59:36 Plate Barding Armor
59:01 Padded Archer Armor
59:02 Scale Mail Armor
58:27 Hussar
64:48 Chain Mail Armor
64:48 Leather Archer Armor
67:05 Caravan
Bruno
9:57 Feudal Age
10:25 Man-at-Arms
14:54 Loom
20:40 Castle Age
20:10 Forging
20:01 Scale Mail Armor
20:26 Double-Bit Axe
20:25 Horse Collar
21:42 Long Swordsman
29:11 Scale Mail Armor
31:54 Heavy Plow
33:28 Squires
37:42 Imperial Age
36:09 Elite Skirmisher
37:43 Iron Casting
37:23 Chain Mail Armor
37:00 Fletching
37:10 Padded Archer Armor
38:17 Legionary
55:30 Ballistics
58:26 Bodkin Arrow
58:46 Leather Archer Armor
66:52 Chemistry
66:26 Ring Archer Armor
ZigzagSinger667
15:24 Feudal Age
22:36 Double-Bit Axe
22:36 Horse Collar
22:51 Gold Mining
22:56 Stone Mining
26:21 Castle Age
28:04 Castle Age
28:13 Castle Age
32:29 Heavy Plow
33:11 Stone Shaft Mining
32:45 Scale Barding Armor
35:38 Wheelbarrow
37:24 Hand Cart
42:07 Imperial Age
42:13 Imperial Age
43:12 Cavalier
43:35 Elite Teutonic Knight
45:06 Paladin
51:01 Scale Barding Armor
50:57 Scale Mail Armor
50:58 Padded Archer Armor
50:48 Fletching
51:10 Forging
54:04 Chain Barding Armor
54:03 Chain Mail Armor
56:24 Pikeman
57:12 Heavy Scorpion
60:25 Bloodlines
72:19 Heavy Mounted Crossbowman
JerZi.cz
4:26 Loom
10:41 Feudal Age
11:53 Horse Collar
12:19 Man-at-Arms
20:14 Forging
20:08 Scale Mail Armor
20:25 Fletching
23:40 Castle Age
23:56 Double-Bit Axe
24:03 Gold Mining
24:06 Stone Mining
24:29 Forging
26:11 Bow Saw
27:31 Wheelbarrow
28:32 Heavy Plow
30:12 Stone Shaft Mining
32:51 Town Watch
33:28 Hand Cart
33:55 Anarchy
36:16 Bodkin Arrow
36:46 Ballistics
37:09 Chain Mail Armor
37:58 Squires
42:21 Imperial Age
43:30 Iron Casting
43:35 Conscription
42:46 Elite Huskarl
45:20 Blast Furnace
45:47 Long Swordsman
46:30 Sappers
47:39 Two-Handed Swordsman
50:22 Town Patrol
51:26 Two-Man Saw
50:59 Crop Rotation
50:32 Bracer
54:44 Perfusion
63:31 Padded Archer Armor
64:37 Chemistry
63:57 Ballistics
63:47 Elite Skirmisher
64:01 Heavy Cavalry Archer
68:45 Spies/Treason
71:59 Husbandry
72:10 Bloodlines
72:19 Leather Archer Armor
Augusta
0:30 Loom
13:52 Feudal Age
13:58 Man-at-Arms
15:19 Double-Bit Axe
15:44 Horse Collar
22:10 Castle Age
20:19 Fletching
22:18 Padded Archer Armor
23:02 Bodkin Arrow
22:36 Crossbowman
22:58 Pikeman
25:07 Leather Archer Armor
25:00 Scale Mail Armor
28:28 Forging
28:30 Elite Skirmisher
30:56 Chain Mail Armor
35:48 Wheelbarrow
redpodo
14:42 Feudal Age
15:45 Town Watch
15:45 Loom
19:25 Wheelbarrow
21:37 Arson
21:13 Man-at-Arms
22:06 Gold Mining
22:07 Stone Mining
22:09 Double-Bit Axe
24:56 Padded Archer Armor
24:58 Scale Mail Armor
25:10 Forging
27:10 Horse Collar
30:00 Castle Age
30:43 Squires
30:04 Eagle Warrior
30:15 Crossbowman
31:18 Hand Cart
31:04 Town Patrol
30:55 Pikeman
33:49 Coinage
34:26 Masonry
33:57 Treadmill Crane
34:03 Long Swordsman
35:51 Thumb Ring
36:03 Elite Skirmisher
45:03 Caravan
48:52 Imperial Age
47:41 Heated Shot
48:12 Ballistics
47:43 Guard Tower
48:07 Fortified Wall
47:53 Murder Holes
49:09 Two-Handed Swordsman
49:10 Halberdier
50:47 Capped Ram
50:51 Elite Eagle Warrior
52:21 Arbalester
53:39 Hul'che Javelineers
56:06 Sappers
56:59 Conscription
61:00 Bow Saw
61:31 Stone Shaft Mining
62:16 Elite Plumed Archer
dragoleopold
10:59 Feudal Age
18:09 Castle Age
16:28 Double-Bit Axe
16:28 Horse Collar
17:43 Forging
18:12 Bloodlines
19:36 Bow Saw
20:08 Heavy Plow
20:12 Fletching
31:58 Imperial Age
30:16 Wheelbarrow
29:28 Loom
30:02 Husbandry
29:22 Light Cavalry
31:52 Gold Mining
31:52 Stone Mining
33:15 Iron Casting
32:45 Scale Barding Armor
33:09 Conscription
35:26 Hand Cart
36:33 Gold Shaft Mining
36:50 Ballistics
36:32 Bodkin Arrow
36:40 Padded Archer Armor
37:24 Bracer
38:34 Blast Furnace
37:34 Bracer
38:53 Parthian Tactics
38:38 Thumb Ring
42:10 Chain Barding Armor
41:50 Bracer
42:06 Leather Archer Armor
41:37 Elite Tarkan
44:10 Two-Man Saw
44:26 Capped Ram
50:26 Heavy Cavalry Archer
Sherdil
0:37 Loom
12:37 Feudal Age
23:09 Castle Age
21:38 Gold Mining
21:36 Double-Bit Axe
21:33 Horse Collar
21:46 Stone Mining
25:20 Heavy Plow
25:33 Bow Saw
26:01 Gold Shaft Mining
26:03 Stone Shaft Mining
28:17 Pikeman
33:10 Imperial Age
31:50 Squires
31:38 Arson
32:48 Wheelbarrow
33:30 Scale Mail Armor
33:40 Forging
35:17 Hand Cart
37:12 Chain Mail Armor
37:33 Iron Casting
37:45 Halberdier
39:46 Conscription
40:43 Crop Rotation
40:51 Plate Mail Armor
41:21 Blast Furnace
Connection lost

Rejoining the realm…

Still unreachable

The connection could not be restored.

Session expired

The server has moved on; the page needs a fresh start.